 Dungeon Sprint DCSS version 0.28-a0-1190-g77e1c55843 (webtiles) character file.

Game seed: 3245021013946486545

970 Conn the Arsonist (level 8, -9/46 HPs)
             Began as an Octopode Fire Elementalist on Dec 18, 2021.
             Was a Follower of Sif Muna.
             Mangled by a deep troll (15 damage)
             ... in the Dungeon (Sprint I: "Red Sonja").
             The game lasted 00:04:23 (555 turns).

Conn the Arsonist (Octopode Fire Elementalist)       Turns: 555, Time: 00:04:23

Health: -9/46      AC:  1    Str:  7    XL:     8   Next: 16%
Magic:  12/19      EV: 15    Int: 19    God:    Sif Muna [*.....]
Gold:   613        SH:  0    Dex: 13    Spells: 9/22 levels left

rFire   . . .      SeeInvis .   h - +1 dagger (venom)
rCold   . . .      Faith    .   (no shield)
rNeg    . . .      Spirit   .   (helmet restricted)
rPois   .          Reflect  .   (no amulet)
rElec   .          Harm     .   (no ring)
rCorr   .          Rampage  .   (no ring)
Will    .....      NoTele   +   (no ring)
Stlth   ++++......              (no ring)
HPRegen 0.15/turn               (no ring)
MPRegen 0.16/turn               (no ring)
                                (no ring)
                                (no ring)

@: no status effects
A: almost no armour, amphibious, 8 rings, camouflage 1, gelatinous body 1,
(nimble swimmer 1), tentacles
a: Renounce Religion, Channel Magic


You were in the Dungeon.
You worshipped Sif Muna.
Sif Muna was aware of your devotion.
You visited 1 branch You collected 613 gold pieces.

Inventory:

Hand Weapons
 h - a +1 dagger of venom (weapon)
Missiles
 i - 4 curare-tipped darts (quivered)
Wands
 e - a wand of mindburst (1)
Scrolls
 f - a scroll of blinking
 j - a scroll of vulnerability {unknown}
 k - a scroll of identify {unknown}
Potions
 a - 3 potions of curing
 b - a potion of heal wounds
 c - a potion of haste
 d - 2 potions of magic
 g - a potion of brilliance {unknown}


   Skills:
 + Level 6.6 Dodging
 + Level 6.3 Stealth
 + Level 3.1 Unarmed Combat
 + Level 7.8 Spellcasting
 + Level 2.2 Conjurations
 + Level 1.3 Hexes
 + Level 12.5 Fire Magic
 + Level 3.0 Evocations


You had 9 spell levels left.
You knew the following spells:

 Your Spells              Type           Power      Damage    Failure   Level
a - Foxfire               Conj/Fire      100%       2x1d9     1%          1
b - Conjure Flame         Conj/Fire      35%        6-21      1%          3
c - Inner Flame           Hex/Fire       34%        N/A       1%          3
d - Flame Wave            Conj/Fire      35%        2d7       4%          4
e - Scorch                Fire           100%       2d10      1%          2

Your spell library contained the following spells:

 Spells                   Type           Power      Damage    Failure   Level


Dungeon Overview and Level Annotations

Branches:
Dungeon (1/1)

Altars:
Cheibriados
Dithmenos
Elyvilon
Fedhas
Gozag
Hepliaklqana
Kikubaaqudgha
Nemelex Xobeh
Okawaru
Qazlal
Ru
Sif Muna
Trog
Uskayaw
Vehumet
Wu Jian
Yredelemnul
Zin
The Shining One

Shops:
D [?


Innate Abilities, Weirdness & Mutations

You cannot wear most types of armour.
You are amphibious.
You can wear up to eight rings at the same time.
Your skin changes colour to match your surroundings (Stealth+).
Your rubbery body absorbs attacks. (AC +1, EV +1)
((You are camouflaged near water. (Stealth+)))
You have tentacles for arms and can constrict up to eight enemies at once.


Message History

The deep troll shouts!
Found 108 gold pieces.
Casting: Foxfire (safe; 1% risk of failure)
Confirm with . or Enter, or press ? or * to list all spells.
Aiming: Inner Flame (safe; 1% risk of failure)
Press: ? - help, Dir - move target, f - deep troll
Aim: a deep troll (chance to affect: 75%)
The deep troll is filled with an inner flame.
Casting: Inner Flame (safe; 1% risk of failure)
Confirm with . or Enter, or press ? or * to list all spells.
Flames lash the deep troll.
Flame seeps out of the deep troll.
The deep troll is moderately wounded.
The deep troll's fire resistance burns away.
The deep troll is engulfed in blazing flames.
Flame seeps out of the deep troll.
Unknown command.
Okay, then.
Unknown command.
Unknown command.
Unknown command.
Casting: Scorch (safe; 1% risk of failure)
Confirm with . or Enter, or press ? or * to list all spells.
You conjure some foxfire!
The deep troll bites you!! The deep troll closely misses you.
The deep troll claws you.
Unknown command.
The foxfire hits the deep troll.
The deep troll is burned terribly!
Flame seeps out of the deep troll.
The deep troll is heavily wounded.
The foxfire hits the deep troll but does no damage.
The deep troll is heavily wounded.
The deep troll is engulfed in blazing flames.
Flame seeps out of the deep troll.
Unknown command.
Okay, then.
Casting: Foxfire (safe; 1% risk of failure)
Confirm with . or Enter, or press ? or * to list all spells.
You conjure some foxfire!
The deep troll bites you!!
* * * LOW HITPOINT WARNING * * *
The deep troll claws you!
You die...

#.)#####'#####'#
#..####..#...#.#
#..#__####..##)#
#..#_____##'#_.+
#⌠⌠#_.∩...'..._#
####_..__##_.#'#
#_____###'#(#
############.####+###
#∩........v@T.°$$.$$+
###++++####v..#######
###.### #.#'#.#
#.....# #.....#
#######


You could see a deep troll (inner flame, combustible, ally target).

Vanquished Creatures
  Sonja (D)
  A yak (D)
  Sigmund (D)
  An ogre (D)
  A jelly (D)
  Ijyb (D)
6 creatures vanquished.

Vanquished Creatures (others)
  2 ballistomycete spores (D)
  9 foxfires (D)
11 creatures vanquished.

Grand Total: 17 creatures vanquished

Notes
Turn   | Place    | Note
-------+----------+-------------------------------------------
     0 | D        | Conn the Octopode Fire Elementalist began the quest for the
                  | Orb.
     0 | D        | Reached XP level 1. HP: 11/11 MP: 3/3
     1 | D        | Noticed Ijyb
    14 | D        | Killed Ijyb
    15 | D        | Reached skill level 5 in Fire Magic
    15 | D        | Reached XP level 2. HP: 16/17 MP: 1/6
    15 | D        | Reached XP level 3. HP: 20/21 MP: 1/7
   109 | D        | Learned a level 3 spell: Conjure Flame
   113 | D        | Learned a level 3 spell: Inner Flame
   121 | D        | Noticed an ogre
   124 | D        | Killed an ogre
   125 | D        | Reached skill level 1 in Unarmed Combat
   125 | D        | Reached skill level 7 in Fire Magic
   125 | D        | Reached XP level 4. HP: 27/27 MP: 8/10
   148 | D        | Learned a level 4 spell: Flame Wave
   151 | D        | Noticed Sigmund
   155 | D        | Killed Sigmund
   156 | D        | Reached skill level 5 in Stealth
   156 | D        | Reached skill level 5 in Spellcasting
   156 | D        | Reached skill level 9 in Fire Magic
   156 | D        | Reached skill level 1 in Evocations
   156 | D        | Reached XP level 5. HP: 31/31 MP: 7/12
   156 | D        | Reached XP level 6. HP: 36/36 MP: 7/13
   206 | D        | Learned a level 2 spell: Scorch
   216 | D        | Found a shimmering blue altar of Sif Muna.
   217 | D        | Found an ornate altar of the Wu Jian Council.
   218 | D        | Found a radiant altar of Vehumet.
   222 | D        | Became a worshipper of Sif Muna the Loreminder
   224 | D        | Reached skill level 5 in Dodging
   250 | D        | Found Pygowed's Magic Scroll Emporium.
   250 | D        | Found an ancient bone altar of Kikubaaqudgha.
   250 | D        | Found a hazy altar of Hepliaklqana.
   250 | D        | Found a stormy altar of Qazlal.
   250 | D        | Found a hide-covered altar of Uskayaw.
   250 | D        | Found a blossoming altar of Fedhas.
   250 | D        | Found a bloodstained altar of Trog.
   250 | D        | Found an iron altar of Okawaru.
   250 | D        | Found a basalt altar of Yredelemnul.
   250 | D        | Found a glowing golden altar of the Shining One.
   250 | D        | Found a snail-covered altar of Cheibriados.
   250 | D        | Found a sacrificial altar of Ru.
   250 | D        | Found a glowing silver altar of Zin.
   250 | D        | Found a shadowy altar of Dithmenos.
   250 | D        | Found a white marble altar of Elyvilon.
   250 | D        | Noticed a yak
   255 | D        | Killed a yak
   256 | D        | Reached skill level 10 in Fire Magic
   256 | D        | Found an opulent altar of Gozag.
   257 | D        | Found a sparkling altar of Nemelex Xobeh.
   418 | D        | Noticed Sonja
   424 | D        | Killed Sonja
   424 | D        | Reached * piety under Sif Muna
   425 | D        | Reached skill level 1 in Hexes
   425 | D        | Reached skill level 12 in Fire Magic
   425 | D        | Reached XP level 7. HP: 41/41 MP: 10/18
   425 | D        | Reached XP level 8. HP: 46/46 MP: 10/19
   529 | D        | Found Viloles's Armour Boutique.
   549 | D        | Noticed a deep troll
   555 | D        | Mangled by a deep troll

Illustrated notes

Levels and vault maps discovered:
D:        dungeon_sprint_1 [red_sonja_temple_1, red_sonja_temple_small_1]

Skill      XL: |  1  2  3  4  5  6 |
---------------+-------------------+-----
Stealth        | 3 4 5 6 |  6.3
Spellcasting   | 3 4 5 7 |  7.8
Fire Magic     | 5 7 9 12 | 12.5
Dodging        | 3 4 6 |  6.6
Unarmed Combat | 1 2 3 |  3.1
Evocations     | 1 3 |  3.0
Conjurations   | 2 |  2.2
Hexes          | 1 |  1.3

Action                   |  1- 3 |  4- 6 |  7- 9 || total
-------------------------+-------+-------+-------++-------
Melee: Unarmed           |     9 |       |       ||     9
       Constrict         |     1 |       |       ||     1
       Tentacles         |     1 |       |       ||     1
 Cast: Foxfire           |     2 |     3 |     2 ||     7
       Inner Flame       |       |     2 |     1 ||     3
       Scorch            |       |     3 |     1 ||     4
       Flame Wave        |       |     1 |       ||     1
Evoke: Wand              |     2 |     2 |       ||     4
  Use: Potion            |     1 |       |       ||     1
Dodge: Dodged            |     2 |     4 |     1 ||     7

Table legend: (Time is in decaauts)
 A = Elapsed time spent in this place.
 B = Non-inter-level travel time spent in this place.
 C = Inter-level travel time spent in this place.
 D = Time resting spent in this place.
 E = Time spent auto-exploring this place.
 F = Levels seen in this place.
 G = Mean time per level.
                   A        B        C        D        E       F      G
               +--------+--------+--------+--------+--------+-----+--------+
         Total |    563 |    563 |      0 |    334 |      0 |   1 |  563.0 |
       Dungeon |    563 |    563 |      0 |    334 |      0 |   1 |  563.0 |
               +--------+--------+--------+--------+--------+-----+--------+

Top non-repeatable levels by time:
       D: 563 daAuts
